PL
LOUISVILLE BC @ ATLANTA SMOKE
08/28/2021
 
TOP OF THE 1ST
Louisville BC batting - Pitching for Atlanta Smoke : RHP Christian Bates
Pitching: RHP Christian Bates
Batting: RHB Andrés Rodríguez 0-0: Ball
1-0: SINGLE (Groundball, 25) (infield hit)
Batting: RHB Chi-ju Zhang 0-0: Called Strike
0-1: SINGLE (Line Drive, 89S)
Andrés Rodríguez to second
Runner from 2nd tries for 3rd, SAFE, no throw or cutoff
Batting: RHB Robbie Roach 0-0: Ball
1-0: Fly out, F9 (Flyball, 89M)
Runner from 3rd tags up, SCORES, no throw
Batting: RHB Jake Collins 0-0: Called Strike
0-1: Ball
1-1: Called Strike
Chi-ju Zhang is caught stealing 2nd base
1-2: Foul Ball, location: 2F
1-2: Ball
2-2: Ball
3-2: Fly out, F8 (Flyball, 8LXD)
Top of the 1st over - 1 run(s), 2 hit(s), 0 error(s), 0 left on base; Louisville 1 - Atlanta 0
BOTTOM OF THE 1ST
Atlanta Smoke batting - Pitching for Louisville BC : LHP Alec Pittman
Pitching: LHP Alec Pittman
Batting: LHB Albert Morán 0-0: Called Strike
0-1: Ground out 4-3 (Groundball, 4M)
Batting: RHB Cale Sutton 0-0: Called Strike
0-1: Called Strike
0-2: Strikes out swinging
Batting: RHB Bob Campbell 0-0: Ball
1-0: Swinging Strike
1-1: Fly out, F9 (Flyball, 89M)
Bottom of the 1st over - 0 run(s), 0 hit(s), 0 error(s), 0 left on base; Louisville 1 - Atlanta 0
TOP OF THE 2ND
Louisville BC batting - Pitching for Atlanta Smoke : RHP Christian Bates
Batting: LHB Tim Hargrove 0-0: Ball
1-0: Ball
2-0: Ball
3-0: Base on Balls
Batting: RHB Yoshio Matsuo 0-0: Foul Ball, location: 2F
0-1: Ball
1-1: Ball
2-1: Swinging Strike
2-2: Ball
3-2: Foul Ball, location: 2F
3-2: Strikes out looking
Batting: RHB Paul Houston 0-0: Called Strike
0-1: Foul Ball, location: 2F
0-2: Strikes out swinging
Batting: RHB Leandro Tuzzi 0-0: Ball
1-0: Ground out 6-3 (Groundball, 6)
Top of the 2nd over - 0 run(s), 0 hit(s), 0 error(s), 1 left on base; Louisville 1 - Atlanta 0
BOTTOM OF THE 2ND
Atlanta Smoke batting - Pitching for Louisville BC : LHP Alec Pittman
Batting: LHB Mike Silver 0-0: Called Strike
0-1: Ball
1-1: Ball
2-1: Foul Ball, location: 2F
2-2: Fly out, F4 (Popup, 9S)
Batting: LHB Armando Esparza 0-0: Ball
1-0: Ball
2-0: Ball
3-0: Base on Balls
Batting: RHB Nathan Horton 0-0: Called Strike
0-1: Called Strike
0-2: Foul Ball, location: 2F
0-2: Ball
1-2: Ball
2-2: Strikes out swinging
Batting: LHB Bernardo Elías 0-0: Fielders Choice at 2nd, U4 (Groundball, 4M)
Bottom of the 2nd over - 0 run(s), 0 hit(s), 0 error(s), 1 left on base; Louisville 1 - Atlanta 0
TOP OF THE 3RD
Louisville BC batting - Pitching for Atlanta Smoke : RHP Christian Bates
Batting: LHB Gregory Johnson 0-0: Ball
1-0: Foul Ball, location: 2F
1-1: Foul Ball, location: 2F
1-2: Ball
2-2: Ball
3-2: SINGLE (Groundball, 13S) (infield hit)
Batting: RHB Andrés Rodríguez 0-0: Ball
1-0: Ball
2-0: Fly out, F6 (Popup, 6S)
Batting: RHB Chi-ju Zhang 0-0: Swinging Strike
0-1: Swinging Strike
0-2: Strikes out swinging
Batting: RHB Robbie Roach 0-0: Ground out 5-3 (Groundball, 5S)
Top of the 3rd over - 0 run(s), 1 hit(s), 0 error(s), 1 left on base; Louisville 1 - Atlanta 0
BOTTOM OF THE 3RD
Atlanta Smoke batting - Pitching for Louisville BC : LHP Alec Pittman
Batting: RHB Daniel Rose 0-0: Foul Ball, location: 2F
0-1: Ball
1-1: Foul Ball, location: 2F
1-2: Strikes out swinging
Batting: LHB Mike Blue 0-0: Ball
1-0: Called Strike
1-1: Fly out, F7 (Flyball, 78S)
Batting: LHB Albert Morán 0-0: SINGLE (Groundball, 34)
Batting: RHB Cale Sutton 0-0: Foul Ball, location: 2F
0-1: Ball
1-1: Ball
2-1: Called Strike
2-2: Fly out, F8 (Flyball, 8RM)
Bottom of the 3rd over - 0 run(s), 1 hit(s), 0 error(s), 1 left on base; Louisville 1 - Atlanta 0
TOP OF THE 4TH
Louisville BC batting - Pitching for Atlanta Smoke : RHP Christian Bates
Batting: RHB Jake Collins 0-0: Ball
1-0: Called Strike
1-1: Ball
2-1: Swinging Strike
2-2: Foul Ball, location: 2F
2-2: Foul Ball, location: 2F
2-2: Ball
3-2: DOUBLE (Flyball, 7LD)
Batting: LHB Tim Hargrove 0-0: Fly out, F9 (Flyball, 9M)
Batting: RHB Yoshio Matsuo 0-0: Foul Ball, location: 2F
0-1: Ball
1-1: Swinging Strike
1-2: Strikes out looking
Batting: RHB Paul Houston 0-0: Called Strike
0-1: Called Strike
0-2: Fly out, F7 (Flyball, 7M)
Top of the 4th over - 0 run(s), 1 hit(s), 0 error(s), 1 left on base; Louisville 1 - Atlanta 0
BOTTOM OF THE 4TH
Atlanta Smoke batting - Pitching for Louisville BC : LHP Alec Pittman
Batting: RHB Bob Campbell 0-0: Ball
1-0: Ball
2-0: Ball
3-0: Base on Balls
Batting: LHB Mike Silver 0-0: Called Strike
0-1: Ball
1-1: Called Strike
1-2: Foul Ball, location: 2F
1-2: Strikes out swinging
Batting: LHB Armando Esparza 0-0: Ball
1-0: Called Strike
1-1: Fly out, F7 (Flyball, 7S)
Batting: RHB Nathan Horton 0-0: Foul Ball, location: 2F
0-1: Fielders Choice at 2nd, 5-4 (Groundball, 56)
Bottom of the 4th over - 0 run(s), 0 hit(s), 0 error(s), 0 left on base; Louisville 1 - Atlanta 0
TOP OF THE 5TH
Louisville BC batting - Pitching for Atlanta Smoke : RHP Christian Bates
Batting: RHB Leandro Tuzzi 0-0: Swinging Strike
0-1: Called Strike
0-2: Foul Ball, location: 2F
0-2: Foul Ball, location: 2F
0-2: Ball
1-2: Ball
2-2: DOUBLE (Line Drive, 9D)
Batting: LHB Gregory Johnson 0-0: DOUBLE (Flyball, 78XD)
Leandro Tuzzi scores
Batting: RHB Andrés Rodríguez 0-0: SINGLE (Groundball, 5D)
Gregory Johnson to third
Throwing error, E7
Gregory Johnson scores
Andrés Rodríguez to second
Batting: RHB Chi-ju Zhang 0-0: Ball
1-0: Called Strike
1-1: Swinging Strike
1-2: Ball
2-2: Foul Ball, location: 2F
2-2: Foul Ball, location: 2F
2-2: Ball
3-2: Strikes out swinging
Batting: RHB Robbie Roach 0-0: Ball
1-0: SINGLE (Line Drive, 4MD)
Andrés Rodríguez to third
Batting: RHB Jake Collins 0-0: Ball
Robbie Roach is caught stealing 2nd base
1-0: Foul Ball, location: 2F
1-1: Swinging Strike
1-2: Foul Ball, location: 2F
1-2: Ball
2-2: Strikes out looking
Top of the 5th over - 2 run(s), 4 hit(s), 1 error(s), 1 left on base; Louisville 3 - Atlanta 0
BOTTOM OF THE 5TH
Atlanta Smoke batting - Pitching for Louisville BC : LHP Alec Pittman
Batting: LHB Bernardo Elías 0-0: Ball
1-0: Called Strike
1-1: Foul Ball, location: 2F
1-2: Strikes out swinging
Batting: RHB Daniel Rose 0-0: Called Strike
0-1: Fly out, F8 (Flyball, 8RXD)
Batting: LHB Mike Blue 0-0: Ball
1-0: Ball
2-0: Foul Ball, location: 2F
2-1: Swinging Strike
2-2: Strikes out swinging
Bottom of the 5th over - 0 run(s), 0 hit(s), 0 error(s), 0 left on base; Louisville 3 - Atlanta 0
TOP OF THE 6TH
Louisville BC batting - Pitching for Atlanta Smoke : RHP Christian Bates
Batting: LHB Tim Hargrove 0-0: Ball
1-0: Ball
2-0: Called Strike
2-1: Swinging Strike
2-2: Strikes out looking
Batting: RHB Yoshio Matsuo 0-0: Called Strike
0-1: Fly out, F8 (Flyball, 8RS)
Batting: RHB Paul Houston 0-0: Called Strike
0-1: Ground out 4-3 (Groundball, 4M)
Top of the 6th over - 0 run(s), 0 hit(s), 0 error(s), 0 left on base; Louisville 3 - Atlanta 0
BOTTOM OF THE 6TH
Atlanta Smoke batting - Pitching for Louisville BC : LHP Alec Pittman
Batting: LHB Albert Morán 0-0: Called Strike
0-1: Ball
1-1: Reached on error, E4 (Groundball, 34)
Batting: RHB Cale Sutton 0-0: Ball
1-0: Called Strike
1-1: Ball
2-1: Swinging Strike
2-2: Ball
3-2: Base on Balls
Albert Morán to second
Batting: RHB Bob Campbell 0-0: Ball
1-0: Ball
2-0: Grounds into double play, 6-4-3 (Groundball, 6)
Albert Morán to third
Batting: LHB Mike Silver 0-0: Ball
1-0: Called Strike
1-1: Fly out, F7 (Flyball, 7M)
Bottom of the 6th over - 0 run(s), 0 hit(s), 1 error(s), 1 left on base; Louisville 3 - Atlanta 0
TOP OF THE 7TH
Louisville BC batting - Pitching for Atlanta Smoke : RHP Christian Bates
Batting: RHB Leandro Tuzzi 0-0: Swinging Strike
0-1: Ball
1-1: Ball
2-1: Fly out, F9 (Line Drive, 9M)
Batting: LHB Gregory Johnson 0-0: Ball
1-0: Ground out 1-3 (Groundball, 15)
Batting: RHB Andrés Rodríguez 0-0: Ball
1-0: Ball
2-0: Ground out 4-3 (Groundball, 4)
Top of the 7th over - 0 run(s), 0 hit(s), 0 error(s), 0 left on base; Louisville 3 - Atlanta 0
BOTTOM OF THE 7TH
Atlanta Smoke batting - Pitching for Louisville BC : LHP Alec Pittman
Batting: LHB Armando Esparza 0-0: Ball
1-0: Ball
2-0: Called Strike
2-1: Swinging Strike
2-2: Foul Ball, location: 2F
2-2: Ball
3-2: Ground out U3 (Groundball, 3)
Batting: RHB Nathan Horton 0-0: Ground out 6-3 (Groundball, 6MS)
Batting: LHB Bernardo Elías 0-0: Ball
1-0: Called Strike
1-1: Foul Ball, location: 2F
1-2: Foul Ball, location: 2F
1-2: Strikes out swinging
Bottom of the 7th over - 0 run(s), 0 hit(s), 0 error(s), 0 left on base; Louisville 3 - Atlanta 0
TOP OF THE 8TH
Louisville BC batting - Pitching for Atlanta Smoke : RHP Christian Bates
Batting: RHB Chi-ju Zhang 0-0: Called Strike
0-1: Ball
1-1: Foul Ball, location: 2F
1-2: SINGLE (Line Drive, 7S)
Batting: RHB Robbie Roach 0-0: Ball
1-0: Ball
2-0: Foul Ball, location: 2F
2-1: Swinging Strike
2-2: Ball
3-2: Foul Ball, location: 2F
3-2: Base on Balls
Chi-ju Zhang to second
Batting: RHB Jake Collins 0-0: Ball
1-0: Called Strike
1-1: DOUBLE (Flyball, 78D)
Chi-ju Zhang scores
Robbie Roach to third
Batting: LHB Tim Hargrove 0-0: Intentional Walk
Batting: RHB Yoshio Matsuo 0-0: Called Strike
0-1: Ball
1-1: Foul Ball, location: 2F
1-2: DOUBLE (Line Drive, 8LXD)
Robbie Roach scores
Jake Collins scores
Tim Hargrove to third
Pitching: RHP Paul O'Callahan
Batting: RHB Paul Houston 0-0: Called Strike
0-1: Swinging Strike
0-2: Ball
1-2: Strikes out looking
Batting: RHB Leandro Tuzzi 0-0: Ball
1-0: SINGLE (Groundball, 4MD)
Tim Hargrove scores
Yoshio Matsuo to third
Batting: LHB Gregory Johnson 0-0: Ball
1-0: DOUBLE (Line Drive, 89M)
Yoshio Matsuo scores
Leandro Tuzzi to third
Batting: RHB Andrés Rodríguez 0-0: Called Strike
0-1: Ball
1-1: TRIPLE (Line Drive, 3L)
Leandro Tuzzi scores
Gregory Johnson scores
Batting: RHB Chi-ju Zhang 0-0: 2-RUN HOME RUN (Flyball, 7D), Distance : 407 ft
Pitching: LHP Ilie Paunescu
Batting: RHB Robbie Roach 0-0: Foul Ball, location: 2F
0-1: Ground out 5-3 (Groundball, 56)
Batting: RHB Jake Collins 0-0: Called Strike
0-1: Ball
1-1: Ball
2-1: Fly out, F9 (Popup, 9LS)
Top of the 8th over - 9 run(s), 7 hit(s), 0 error(s), 0 left on base; Louisville 12 - Atlanta 0
BOTTOM OF THE 8TH
Atlanta Smoke batting - Pitching for Louisville BC : LHP Alec Pittman
Now at C: Roberto Guerrero
Batting: RHB Daniel Rose 0-0: Ball
1-0: Foul Ball, location: 2F
1-1: Ball
2-1: Called Strike
2-2: Strikes out looking
Batting: LHB Mike Blue 0-0: Ball
1-0: Ground out 2-3 (Groundball, 2L)
Pinch Hitting: RHB Johnny Foster 0-0: Called Strike
0-1: Foul Ball, location: 2F
0-2: Ball
1-2: Foul Ball, location: 2F
1-2: Ball
2-2: Ball
3-2: Strikes out looking
Bottom of the 8th over - 0 run(s), 0 hit(s), 0 error(s), 0 left on base; Louisville 12 - Atlanta 0
TOP OF THE 9TH
Louisville BC batting - Pitching for Atlanta Smoke : LHP Ilie Paunescu
Now in LF: Johnny Foster
Batting: LHB Tim Hargrove 0-0: Ball
1-0: Ball
2-0: Called Strike
2-1: Ball
3-1: Base on Balls
Batting: RHB Yoshio Matsuo 0-0: Bunted foul
0-1: Sac Bunt - play at first, batter OUT! 1-4
Tim Hargrove to second
Batting: RHB Paul Houston 0-0: Ball
1-0: Called Strike
1-1: Foul Ball, location: 2F
1-2: Ball
2-2: SINGLE (Flyball, 8LS) - OUT at second base trying to stretch hit.
Tim Hargrove scores
Batting: RHB Leandro Tuzzi 0-0: Fly out, F8 (Flyball, 8RXD)
Top of the 9th over - 1 run(s), 1 hit(s), 0 error(s), 0 left on base; Louisville 13 - Atlanta 0
BOTTOM OF THE 9TH
Atlanta Smoke batting - Pitching for Louisville BC : LHP Alec Pittman
Batting: RHB Cale Sutton 0-0: Ball
1-0: Ball
2-0: Swinging Strike
2-1: Swinging Strike
2-2: Ball
3-2: Foul Ball, location: 2F
3-2: Base on Balls
Batting: RHB Bob Campbell 0-0: Ball
1-0: Called Strike
1-1: Ball
2-1: Fly out, F8 (Line Drive, 8RM)
Pinch Hitting: RHB Jeremy Christensen 0-0: Ball
1-0: SINGLE (Groundball, 6M)
Cale Sutton to second
Runner from 2nd tries for 3rd, SAFE, no throw or cutoff
Pitching: RHP Carlos Mata
Batting: LHB Armando Esparza 0-0: Called Strike
0-1: Foul Ball, location: 2F
0-2: Ball
1-2: Ball
2-2: TRIPLE (Flyball, 89XD)
Cale Sutton scores
Jeremy Christensen scores
Batting: RHB Nathan Horton 0-0: Called Strike
0-1: Ball
1-1: SINGLE (Flyball, 6MD)
Armando Esparza scores
Batting: LHB Bernardo Elías 0-0: Ball
1-0: Called Strike
1-1: Foul Ball, location: 2F
1-2: Foul Ball, location: 2F
1-2: Strikes out swinging
Batting: RHB Daniel Rose 0-0: Ball
1-0: Ball
2-0: Called Strike
2-1: Swinging Strike
2-2: Ball
3-2: Fly out, F5 (Line Drive, 56)
Bottom of the 9th over - 3 run(s), 3 hit(s), 0 error(s), 1 left on base; Louisville 13 - Atlanta 3
This league is powered by Out of the Park Baseball, the baseball management simulation game for PC, Mac and Linux
Friday, January 22nd, 2016 - OOTP Baseball 16.9 Build 39